 Dungeon Crawl Stone Soup version 0.28.0-53-g5a82cb258f (webtiles) character file.

Game seed: 8373834772078737630

331 safid the Chopper (level 6, -1/52 HPs)
             Began as a Hill Orc Fighter on Aug 22, 2022.
             Slain by Eustachio
             ... wielding a +0 rapier
              (6 damage)
             ... on level 4 of the Dungeon.
             The game lasted 00:05:48 (2792 turns).

safid the Chopper (Hill Orc Fighter)                Turns: 2792, Time: 00:05:48

Health: -1/52      AC: 14    Str: 21    XL:     6   Next: 52%
Magic:  6/6        EV:  5    Int:  8    God:
Gold:   142        SH:  4    Dex: 10    Spells: 5/5 levels left

rFire   . . .      SeeInvis .   a - +0 war axe
rCold   . . .      Faith    .   c - +0 buckler
rNeg    . . .      Spirit   .   i - +0 plate armour
rPois   .          Reflect  .   p - +0 helmet
rElec   .          Harm     .   n - +0 cloak
rCorr   .          Rampage  .   (no gloves)
Will    .....                   (no boots)
Stlth   ..........              k - amulet of regeneration
HPRegen 0.97/turn               (no ring)
MPRegen 0.10/turn               (no ring)

@: mighty
A: no striking features
a: no special abilities


You were on level 4 of the Dungeon.
You visited 1 branch of the dungeon, and saw 4 of its levels.

You collected 142 gold pieces.

Inventory:

Hand Weapons
 a - a +0 war axe (weapon)
Missiles
 g - 10 poisoned darts (quivered)
Armour
 c - a +0 buckler (worn)
 i - a +0 plate armour (worn)
 n - a +0 cloak (worn)
 p - a +0 helmet (worn)
Jewellery
 k - an amulet of regeneration (around neck)
 q - a ring of protection from fire
Wands
 o - a wand of flame (15)
Scrolls
 e - 3 scrolls of identify {unknown}
 f - 3 scrolls of magic mapping {unknown}
 h - a scroll of teleportation {unknown}
 j - a scroll of immolation {unknown}
 r - a scroll of enchant weapon {unknown}
 t - a scroll of amnesia {unknown}
Potions
 b - a potion of brilliance {unknown}
 l - a potion of curing {unknown}
 m - a potion of ambrosia {unknown}
 s - 2 potions of haste


   Skills:
 - Level 4.0 Fighting
 + Level 7.8 Axes
 - Level 4.0 Armour
 - Level 4.0 Shields


You had 5 spell levels left.
You didn't know any spells.
Your spell library contained the following spells:

 Spells                   Type           Power      Damage    Failure   Level
 Foxfire                  Conj/Fire      0%         2x1d4     100%        1
 Conjure Flame            Conj/Fire      0%         6-21      100%        3
 Gell's Gravitas          Tloc           0%         N/A       100%        3
 Inner Flame              Hex/Fire       0%         N/A       100%        3
 Lesser Beckoning         Tloc           0%         N/A       100%        3
 Teleport Other           Tloc           0%         N/A       100%        3
 Flame Wave               Conj/Fire      0%         2d4       100%        4


Dungeon Overview and Level Annotations

Branches:
Dungeon (4/15)
 Temple: D:4-7

Altars:
Dithmenos
Kikubaaqudgha
Yredelemnul

Shops:
D:2 =   D:3 =

Annotations:
D:3 2 transporters, mortz's ghost, amateur KoCj
D:4 Eustachio


Message History

Eustachio casts a spell.
Eustachio blinks!
You block the orc's attack.
Unknown command.
You slash the orc!
You kill the orc!
You closely miss the rat. The rat closely misses you.
Unknown command.
You slash the orc!
You kill the orc!
You barely miss the rat. You block the rat's attack.
Unknown command.
You block the rat's attack.
Eustachio mumbles some strange words.
Items here: )) ††.
The crimson imp shouts!
The rat completely misses you. You block Eustachio's attack.
The white imp gestures at you. The puff of frost hits you!
* * * LOW HITPOINT WARNING * * *
Unknown command.
You closely miss Eustachio.
Eustachio is heavily wounded.
You closely miss the rat. You barely miss the white imp.
The rat bites you but does no damage.
Eustachio says, "My allies will avenge me."
Eustachio casts a spell.
Eustachio blinks!
The white imp hits you.
* * * LOW HITPOINT WARNING * * *
The white imp freezes you.
* * * LOW HITPOINT WARNING * * *
The rat bites you but does no damage.
Eustachio mumbles some strange words.
Eustachio blinks!
The rat bites you but does no damage.
Items here: )) ††.
Eustachio hits you but does no damage.
You slash Eustachio!
Eustachio is severely wounded.
You miss the crimson imp. Eustachio barely misses you.
The crimson imp barely misses you. Eustachio hits you with a +0 rapier.
You die...

.. #.............#.
...####.#...#.##......
#)......†.#.##.#..#.
####.###.#...........#.
#...)...$#####.####....
#.##.##5)#####.......#.
# #.##5r......#######.
#.##5######.# #.
#.@@...# #.# #>
#.##.#.# ... ##
......#.# ... ###....#
# .... #.##.# ...
#.##.# #..... ## .#


You could see Eustachio, a crimson imp (summoned), 2 white imps and a rat
(summoned).

Vanquished Creatures
  A scorpion (D:3)
  2 orc priests (D:4)
  Robin (D:2)
  2 adders
  8 gnolls
  A worm (D:4)
  3 dart slugs
  12 orcs
  5 ball pythons
  4 bats
  A bat zombie (D:3)
  4 endoplasms
  3 giant cockroaches (D:1)
  11 goblins
  7 hobgoblins (D:2)
  6 kobolds
  3 quokkas
  A frilled lizard (D:2)
  5 rats
  2 rat zombies (D:3)
82 creatures vanquished.

Notes
Turn   | Place    | Note
-------+----------+-------------------------------------------
     0 | D:1      | safid the Hill Orc Fighter began the quest for the Orb.
     0 | D:1      | Reached XP level 1. HP: 19/19 MP: 1/1
    21 | D:1      | Found a faded altar of an unknown god.
   199 | D:1      | Reached XP level 2. HP: 21/27 MP: 2/2
   293 | D:1      | Reached skill level 3 in Axes
   658 | D:1      | Reached XP level 3. HP: 33/33 MP: 3/3
  1212 | D:2      | Reached XP level 4. HP: 20/40 MP: 4/4
  1215 | D:2      | Reached skill level 4 in Axes
  1576 | D:2      | Found Jylen's Jewellery Shop.
  1634 | D:2      | Noticed Robin
  1655 | D:2      | Killed Robin
  1656 | D:2      | Reached skill level 5 in Axes
  1656 | D:2      | Reached XP level 5. HP: 15/46 MP: 5/5
  1984 | D:3      | Reached skill level 6 in Axes
  2034 | D:3      | Found a transporter.
  2034 | D:3      | Noticed mortz's ghost (amateur KoCj)
  2080 | D:3      | Found a transporter.
  2115 | D:3      | Found Unletib's Jewellery Emporium.
  2138 | D:3      | Reached XP level 6. HP: 27/50 MP: 6/6
  2443 | D:3      | Reached skill level 7 in Axes
  2451 | D:3      | Found an ancient bone altar of Kikubaaqudgha.
  2604 | D:4      | Found a basalt altar of Yredelemnul.
  2605 | D:4      | Found a shadowy altar of Dithmenos.
  2752 | D:4      | Noticed Eustachio
  2788 | D:4      | HP: 1/52 [white imp[Eustachio] (3)]
  2792 | D:4      | Slain by Eustachio

Illustrated notes

Levels and vault maps discovered:
D:1:      eino_arrival_tree_alley, layout_loops_ring, basic_ecumenical_altar,
          minmay_parallelograms
D:2:      layout_loops_corners, serial_shops, nicolae_lakefront_shop, uniq_robin
D:3:      layout_rooms, lemuel_zombie_altar_kikubaaqudgha,
          gammafunk_ghost_arena, serial_shops,
          nicolae_shop_temple_entry_statues_fountains
D:4:      layout_loops_cross, gammafunk_temple_overflow_statue, uniq_eustachio

Skill      XL: |  1  2  3  4  5  6 |
---------------+-------------------+-----
Axes           | 3 5 6 7 |  7.8
Fighting       | 4 |  4.0
Armour         | 4 |  4.0
Shields        | 4 |  4.0

Action                   |  1- 3 |  4- 6 || total
-------------------------+-------+-------++-------
Melee: War axe           |   100 |   144 ||   244
  Use: Potion            |       |     1 ||     1
Armor: Scale mail        |    25 |       ||    25
       Plate armour      |    49 |   117 ||   166
Dodge: Dodged            |    32 |    51 ||    83
Block: Buckler           |    15 |    44 ||    59
